 Dungeon Crawl Stone Soup version 0.29.1-13-g9f3cf754e1 (webtiles) character file.

Game seed: 9358835958734065664

97 hbarley the Chopper (level 4, -1/40 HPs)
             Began as a Hill Orc Fighter on Feb 3, 2023.
             Slain by Terence
             ... wielding a +0 flail
              (9 damage)
             ... on level 3 of the Dungeon.
             The game lasted 00:05:44 (1817 turns).

hbarley the Chopper (Hill Orc Fighter)              Turns: 1817, Time: 00:05:45

Health: -1/40      AC:  0    Str: 18    XL:     4   Next: 68%
Magic:  4/4        EV: 14    Int:  8    God:
Gold:   119        SH:  0    Dex: 17    Spells: 3/3 levels left

rFire   . . .      SeeInvis .   (weapon currently unavailable)
rCold   . . .      Faith    .   (shield currently unavailable)
rNeg    . . .      Spirit   .   (body armour currently unavailable)
rPois   .          Reflect  .   (helmet currently unavailable)
rElec   .          Harm     .   (cloak currently unavailable)
rCorr   .          Rampage  .   (gloves currently unavailable)
Will    .....                   (boots currently unavailable)
Stlth   ++........              (no amulet)
HPRegen 0.13/turn               (ring currently unavailable)
MPRegen 0.09/turn               (ring currently unavailable)

@: bat-form, flying, constricted, very quick
A: fast, flying, no casting, tiny
a: no special abilities


You were on level 3 of the Dungeon.
You were a bat.
You visited 1 branch of the dungeon, and saw 3 of its levels.

You collected 119 gold pieces.

Inventory:

Hand Weapons
 a - a +0 war axe (melded)
Armour
 b - a +0 scale mail
 c - a +0 buckler (melded)
 g - a +0 cloak (melded)
 l - a +1 leather armour of cold resistance (melded)
 m - a +0 pair of gloves (melded)
Scrolls
 f - a scroll of noise {unknown}
 h - a scroll of teleportation {unknown}
 i - a scroll of immolation {unknown}
 n - a scroll of enchant armour {unknown}
 q - 3 scrolls of vulnerability {unknown}
 t - a scroll of butterflies {unknown}
Potions
 d - 2 potions of might
 e - 2 potions of lignification {unknown}
 j - a potion of resistance {unknown}
 k - a potion of heal wounds {unknown}
 o - a potion of magic {unknown}
 p - a potion of haste {unknown}
 r - a potion of attraction {unknown}
 s - a potion of degeneration {unknown}


   Skills:
 + Level 4.2 Fighting
 + Level 4.7 Axes
 + Level 3.5 Armour
 + Level 0.2 Dodging
 + Level 0.2 Stealth
 + Level 3.9 Shields


You had 3 spell levels left.
You didn't know any spells.
Your spell library was empty.

Dungeon Overview and Level Annotations

Branches:
Dungeon (3/15)

Altars:

Shops:
D:1 [

Annotations:
D:2 1 runed translucent door, Crazy Yiuf
D:3 Terence


Message History

You hit Terence but do no damage.
Terence is moderately wounded.
Terence barely misses you. The ball python barely misses you. x2
You hit Terence but do no damage.
Terence is moderately wounded.
The ball python closely misses you. The ball python misses you.
Terence barely misses you.
You hit Terence but do no damage.
Terence is moderately wounded.
The ball python closely misses you. x2
Terence looks scornfully at you. Terence completely misses you.
The ball python closely misses you. The ball python grabs you.
The ball python constricts you.
You hit Terence but do no damage.
Terence is moderately wounded.
Terence closely misses you. The ball python closely misses you.
The ball python constricts you.
You hit Terence but do no damage.
Terence is moderately wounded.
Terence says, "Time to say good-bye..."
Terence hits you with a +0 flail! The ball python barely misses you.
The ball python constricts you.
You hit Terence but do no damage.
Terence is moderately wounded.
Terence hits you with a +0 flail.
* * * LOW HITPOINT WARNING * * *
The ball python closely misses you. The ball python constricts you.
* * * LOW HITPOINT WARNING * * *
You hit Terence but do no damage.
Terence is moderately wounded.
The ball python closely misses you. The ball python constricts you.
Terence closely misses you.
You hit Terence.
Terence is moderately wounded.
The ball python bites you.
* * * LOW HITPOINT WARNING * * *
The ball python constricts you.
* * * LOW HITPOINT WARNING * * *
Terence hits you with a +0 flail!
You die...

.... .....
...#........###
#..#...........
#..#..........#
#..#..........# ####
#.............#
.....###....#........#
#....+.........@....##
.....###......b.......
#............$.S....##
#............#......#
#.......##..........#
#.......########....<.
#........# ..(...
#........#### ......
#...........####......
.....................


You could see Terence and a ball python.

Vanquished Creatures
  4 adders (D:2)
  3 worms
  2 dart slugs
  3 orcs (D:2)
  2 ball pythons
  3 endoplasms
  2 giant cockroaches
  5 goblins
  5 hobgoblins
  2 jackals (D:1)
  A quokka (D:1)
  4 bats
  4 frilled lizards
  A kobold (D:1)
  3 rats
44 creatures vanquished.

Vanquished Creatures (others)
  5 fungi (D:2)
5 creatures vanquished.

Grand Total: 49 creatures vanquished

Notes
Turn   | Place    | Note
-------+----------+-------------------------------------------
     0 | D:1      | hbarley the Hill Orc Fighter began the quest for the Orb.
     0 | D:1      | Reached XP level 1. HP: 19/19 MP: 1/1
    26 | D:1      | Found a faded altar of an unknown god.
   160 | D:1      | Reached XP level 2. HP: 18/27 MP: 2/2
   577 | D:1      | Found Micy's Antique Armour Boutique.
   800 | D:2      | Reached XP level 3. HP: 33/33 MP: 3/3
  1122 | D:2      | Reached XP level 4. HP: 39/40 MP: 4/4
  1692 | D:2      | Found a runed translucent door.
  1693 | D:2      | Noticed Crazy Yiuf
  1796 | D:3      | Noticed Terence
  1817 | D:3      | Slain by Terence

Illustrated notes

Levels and vault maps discovered:
D:1:      elethiomel_arrival_quiet, layout_rooms,
          dreamdust_ecumenical_altar_statues, serial_shops, shop
D:2:      layout_basic, uniq_crazy_yiuf_cottage
D:3:      layout_basic, kiku_gazebo_pond_becter, makhleb_altar_promises_db,
          uniq_terence

Skill      XL: |  1  2  3 |
---------------+----------+-----
Axes           | 3 4 |  4.7
Fighting       | 4 |  4.2
Armour         | |  3.5
Dodging        | |  0.2
Stealth        | |  0.2
Shields        | |  3.9

Action                   |  1- 3 |  4- 6 || total
-------------------------+-------+-------++-------
Melee: War axe           |    91 |    42 ||   133
       Unarmed           |       |    16 ||    16
Armor: Scale mail        |    24 |       ||    24
       Leather armour    |    19 |     9 ||    28
Dodge: Dodged            |    58 |    35 ||    93
Block: Buckler           |    28 |    10 ||    38
